 Dungeon Crawl Stone Soup version 0.32-a0-799-g95e1662365 (webtiles) character file.

Game seed: 11396867036812130667

5564 Berder the Destroyer (level 10, -13/56 HPs)
             Began as an Octopode Alchemist on Mar 22, 2024.
             Was an Initiate of Vehumet.
             Mangled by a shadow (34 damage)
             ... on level 9 of the Dungeon.
             The game lasted 00:22:04 (9750 turns).

Berder the Destroyer (Octopode Alchemist)           Turns: 9750, Time: 00:22:05

Health: -13/56     AC:  1    Str:  8    XL:     10   Next: 72%
Magic:  17/25      EV: 13    Int: 28    God:    Vehumet [......]
Gold:   385        SH:  0    Dex: 12    Spells: 6/17 levels left

rFire   . . .        a - +5 woodcutter's axe
rCold   . . .        (shield currently unavailable)
rNeg    . . .        (helmet restricted)
rPois   .            (no amulet)
rElec   .            r - +6 ring of intelligence
rCorr   .            u - ring of magical power
SInv    .            (no ring)
Will    .....        (no ring)
Stlth   +++          (no ring)
HPRegen 0.29/turn    (no ring)
MPRegen 0.19/turn    (no ring)
                     (no ring)

%: no passive effects
@: no status effects
A: almost no armour, amphibious, 8 rings, camouflage 1, gelatinous body 1,
(nimble swimmer 1), tentacles
a: Renounce Religion


You were on level 9 of the Dungeon.
You worshipped Vehumet.
Vehumet was noncommittal.
You visited 2 branches of the dungeon, and saw 10 of its levels.
You also visited: Sewer.

You collected 489 gold pieces.
You spent 104 gold pieces at shops.

Inventory:

Hand Weapons
 a - the +5 woodcutter's axe (weapon)
   (You found it on level 4 of the Dungeon)
 b - a +0 sling
 t - a +0 short sword
Missiles
 m - 2 curare-tipped darts (quivered)
Armour
 f - an orb of energy
Jewellery
 r - a +6 ring of intelligence (left tentacle)
 u - a ring of magical power (right tentacle)
Wands
 x - a wand of quicksilver (12)
 B - a wand of flame (38)
Scrolls
 c - 2 scrolls of teleportation
 g - a scroll of enchant weapon
 i - a scroll of vulnerability
 j - 2 scrolls of noise {unknown}
 k - 2 scrolls of immolation {unknown}
 q - 2 scrolls of enchant armour
 w - a scroll of amnesia
 y - 3 scrolls of identify
 z - 2 scrolls of fog {unknown}
Potions
 d - 3 potions of curing
 e - 2 potions of magic
 h - 2 potions of enlightenment
 l - 5 potions of heal wounds
 n - a potion of haste
 o - 2 potions of might
 p - 3 potions of invisibility {unknown}
 s - 2 potions of attraction
 v - a potion of mutation
 A - a potion of lignification
 C - 2 potions of brilliance {unknown}
 D - a potion of degeneration {unknown}
 E - a potion of cancellation {unknown}


   Skills:
 + Level 4.1 Dodging
 - Level 2.6 Stealth
 - Level 4.0 Spellcasting
 * Level 9.6 Conjurations
 + Level 7.8 Ice Magic
 + Level 7.8 Air Magic
 - Level 3.4 Alchemy


You had 6 spell levels left.
You knew the following spells:

 Your Spells              Type           Power      Damage    Failure   Level
a - Sting                 Conj/Alch      100%       1d9       1%          1
b - Mephitic Cloud        Conj/Alch/Air  44%        N/A       1%          3
c - Freezing Cloud        Conj/Ice/Air   26%        6-21      6%          5
d - Searing Ray           Conj           100%       2d8       1%          2

Your spell library contained the following spells:

 Spells                   Type           Power      Damage    Failure   Level
 Magic Dart               Conj           100%       1d8       1%          1
 Mercury Vapours          Alch/Air       74%        N/A       1%          2
 Fulminant Prism          Conj/Alch      21%        3d12      4%          4
 Summon Lightning Spire   Summ/Air       27%        N/A       14%         4
 Olgreb's Toxic Radiance  Alch           25%        N/A       19%         4
 Sticky Flame             Fire/Alch      15%        2d5       36%         4
 Lee's Rapid Deconstruct  Erth           2%         3d5*      90%         5
 Animate Armour           Summ/Erth      Unusable   N/A       N/A         4

Dungeon Overview and Level Annotations

Branches:
Dungeon (9/15)             Temple (1/1) D:6           Sewer (visited)
   Lair: D:8-11         Orc: D:9-12

Altars:
Ashenzari
Cheibriados
Dithmenos
Elyvilon
Fedhas
Gozag
Hepliaklqana
Kikubaaqudgha
Makhleb
Nemelex Xobeh
Okawaru
Ru
Sif Muna
Trog
Uskayaw
Vehumet
Wu Jian
Xom
Yredelemnul
Zin
The Shining One

Shops:
D:3 (   D:5 *=   D:8 **

Annotations:
D:8 3 runed translucent doors, DeathSocks's ghost, novice DEAE


Innate Abilities, Weirdness & Mutations

You cannot wear most types of armour.
You are amphibious.
You can wear up to eight rings at the same time.
Your skin changes colour to match your surroundings (Stealth+).
Your rubbery body absorbs attacks. (AC +1, EV +1)
((You are camouflaged when in or above water. (Stealth+)))
You have tentacles for arms and can constrict up to eight enemies at once.


Message History

You now have 385 gold pieces (gained 16).
You start resting.
Magic restored.
You start resting.
HP restored.
A shadow comes into view.
A shadow is nearby!
A shadow is nearby!
A shadow is nearby!
Casting: Searing Ray (safe; 1% risk of failure)
Confirm with . or Enter, or press ? or * to list all spells.
Aiming: Searing Ray (safe; 1% risk of failure)
Press: ? - help, Shift-Dir - straight line The searing ray hits the shadow but does no damage. (Press . to maintain the ray.)
The shadow slips into darkness.
The shadow flickers and vanishes!
Deactivating autopickup; reactivate with Ctrl-A.
The searing ray hits something.
The searing ray hits something!
You finish channelling your searing ray.
The shadow strikes at you from the darkness!
Ouch! That really hurt!
Reactivating autopickup.
Casting: Searing Ray (safe; 1% risk of failure)
Confirm with . or Enter, or press ? or * to list all spells.
Aiming: Searing Ray (safe; 1% risk of failure)
Press: ? - help, Shift-Dir - straight line The searing ray hits the shadow.
The shadow is severely damaged. (Press . to maintain the ray.)
The shadow hits you.
The searing ray hits the shadow.
The shadow is almost destroyed.
The shadow slips into darkness.
The shadow flickers and vanishes!
Deactivating autopickup; reactivate with Ctrl-A.
The shadow strikes at you from the darkness!
Ouch! That really hurt!
You die...

#......###..# #.##..
.#####.#.#.##..# #.....
#...............# #.....
#####.#.....##.#######....
...##..................
### #...##...########..
##.###...# #.. #.# #...#
#.. ####@###...# #..
......{.......# ..
#######....>.....#
#####..###.# #..# # #..#
...# #.## #..


There were no monsters in sight!

Vanquished Creatures
  2 two-headed ogres (D:9)
  Maurice (D:8)
  Psyche (D:8)
  A shadow (D:9)
  A steam dragon (D:7)
  3 water moccasins
  Pargi (Sewer)
  An orc warrior (D:8)
  2 black bears
  An ogre (D:5)
  A centaur (D:5)
  4 phantoms
  3 kobold brigands
  7 bullfrogs
  A gnoll sergeant (D:9)
  2 brain worms (Sewer)
  2 scorpions (D:5)
  3 wights (D:6)
  4 jellies
  5 killer bees (D:7)
  2 bombardier beetles
  A centaur skeleton (D:4)
  4 orc priests
  3 hounds
  A human zombie (D:4)
  7 iguanas
  3 orc wizards
  2 scorpion zombies (D:4)
  5 adders
  7 gnolls
  A howler monkey skeleton (D:4)
  A river rat (D:3)
  3 shadow imps
  A white imp (D:7)
  2 ufetubi (D:7)
  2 adder zombies (D:4)
  A dart slug (D:4)
  2 ribbon worms
  21 orcs
  9 endoplasms
  A giant cockroach (D:1)
  10 goblins
  5 hobgoblins
  4 jackals
  11 kobolds
  5 quokkas
  7 ball pythons
  6 bats
  7 frilled lizards
  A quokka zombie (D:4)
181 creatures vanquished.

Notes
Turn   | Place    | Note
-------+----------+-------------------------------------------
     0 | D:1      | Berder the Octopode Alchemist began the quest for the Orb.
     0 | D:1      | Reached XP level 1. HP: 11/11 MP: 3/3
   235 | D:1      | Reached skill level 2 in Conjurations
   235 | D:1      | Reached XP level 2. HP: 17/17 MP: 1/5
   945 | D:2      | Reached skill level 3 in Conjurations
   945 | D:2      | Reached XP level 3. HP: 19/21 MP: 0/6
  1003 | D:2      | Learned a level 3 spell: Mephitic Cloud
  1705 | D:3      | Reached skill level 1 in Air Magic
  1772 | D:3      | Found a glowing drain.
  1776 | Sewer    | Entered a sewer
  1777 | Sewer    | Noticed a brain worm
  1782 | Sewer    | Reached XP level 4. HP: 25/27 MP: 5/7
  1786 | Sewer    | Killed a brain worm
  1787 | Sewer    | Reached XP level 5. HP: 25/31 MP: 0/8
  1789 | Sewer    | Reached skill level 4 in Conjurations
  1984 | Sewer    | Noticed Pargi
  2046 | Sewer    | Killed Pargi
  2047 | Sewer    | Reached XP level 6. HP: 36/36 MP: 5/9
  2262 | D:3      | Found a basalt altar of Yredelemnul.
  2289 | D:3      | Reached skill level 5 in Conjurations
  2542 | D:3      | Learned a level 5 spell: Freezing Cloud
  2668 | D:3      | You fall into a shaft and drop 1 floor!
  3046 | D:3      | Found a hazy altar of Hepliaklqana.
  3121 | D:3      | Found Pyugexof's Antique Weapon Shop.
  3206 | D:3      | Found an iron altar of Okawaru.
  3396 | D:4      | Found the +5 woodcutter's axe
  3518 | D:4      | Reached skill level 1 in Ice Magic
  3742 | D:4      | Reached XP level 7. HP: 41/41 MP: 10/10
  4154 | D:4      | Found an ancient bone altar of Kikubaaqudgha.
  4254 | D:4      | Reached skill level 5 in Air Magic
  4254 | D:4      | Reached XP level 8. HP: 30/46 MP: 12/12
  4559 | D:5      | Entered Level 5 of the Dungeon
  4715 | D:5      | Found Upsusm's General Store.
  4985 | D:5      | Reached skill level 5 in Ice Magic
  5031 | D:5      | Found Curgh's Jewellery Shoppe.
  5326 | D:5      | Found a sacrificial altar of Ru.
  5409 | D:5      | Bought a scroll of blinking for 82 gold pieces
  5409 | D:5      | Bought a scroll of identify for 22 gold pieces
  5837 | D:6      | Learned a level 2 spell: Searing Ray
  5886 | D:6      | Found a staircase to the Ecumenical Temple.
  5904 | Temple   | Entered the Ecumenical Temple
  6031 | D:6      | Found a shadowy altar of Dithmenos.
  6132 | D:6      | Reached skill level 6 in Conjurations
  6132 | D:6      | Reached XP level 9. HP: 51/51 MP: 15/15
  6905 | D:7      | Found a shimmering altar of Xom.
  7090 | D:7      | Reached skill level 7 in Conjurations
  7262 | D:7      | Found a sparkling altar of Nemelex Xobeh.
  8158 | D:8      | Reached skill level 8 in Conjurations
  8415 | D:8      | Found Sunyg's Specific Store.
  8418 | D:8      | Found Nuuwem's General Store.
  8422 | D:8      | Noticed Maurice
  8430 | D:8      | Killed Maurice
  8431 | D:8      | Reached XP level 10. HP: 56/56 MP: 16/16
  8475 | D:8      | Noticed Psyche
  8565 | D:8      | Killed Psyche
  8788 | D:8      | Found a blossoming altar of Fedhas.
  8851 | D:8      | Found a glowing silver altar of Zin.
  8851 | D:8      | Found a bloodstained altar of Trog.
  8866 | D:8      | Found a runed translucent gate.
  8866 | D:8      | Found a runed translucent gate.
  8867 | D:8      | Found a runed translucent gate.
  8867 | D:8      | Found an opulent altar of Gozag.
  8871 | D:8      | Noticed DeathSocks's ghost (novice DEAE)
  8912 | D:8      | Found a radiant altar of Vehumet.
  8929 | D:8      | Became a worshipper of Vehumet
  9105 | D:9      | Noticed a two-headed ogre
  9109 | D:9      | Killed a two-headed ogre
  9110 | D:9      | Reached skill level 9 in Conjurations
  9174 | D:9      | Noticed a two-headed ogre
  9184 | D:9      | Killed a two-headed ogre
  9509 | D:9      | Found a shimmering blue altar of Sif Muna.
  9750 | D:9      | Mangled by a shadow

Illustrated notes

Levels and vault maps discovered:
D:1:      eino_arrival_water_cross, layout_basic
D:2:      layout_basic
D:3:      layout_loops_ring, nicolae_hepliaklqana_hippocampus,
          kennysheep_okawaru_gauntlet,
          mainiacjoe_overflow_concentric_impassable, gup_sewer_entry_bowl,
          serial_shops, nicolae_shop_getting_attention
D:4:      layout_loops_cross, lemuel_mausoleum_altar_kikubaaqudgha,
          grunt_decor_resistance
D:5:      layout_loops_cross, kennysheep_mini, serial_shops, shop_statue,
          nicolae_shop_advertising_works [nicolae_subvault_shop_adworks]
D:6:      layout_loops_ring, mainiacjoe_overflow_paths,
          minmay_temple_entry_proselytizer, serial_rivers,
          chequers_serial_rivers_micro_c, chequers_serial_rivers_room_b,
          chequers_serial_rivers_room_a, chequers_serial_rivers_small_a,
          chequers_serial_rivers_room_a, chequers_serial_rivers_micro_c,
          grunt_ministairs_13
D:7:      layout_basic, nemelex_xobeh_ov_fountains_minmay,
          kennysheep_little_box, minmay_fractal_squares_gapless_5
D:8:      layout_rooms, mainiacjoe_overflow_brackets, fedhas_altar_3,
          chequers_temple_overflow_statue_of_worship, ebering_ghost_gozag,
          nicolae_specific_store, kennysheep_crisscross, uniq_psyche,
          uniq_maurice
D:9:      layout_loops_ring, kennysheep_mini_moat, hiddenorc2_lemuel
Temple:   hellmonk_temple_rainy

Skill      XL: |  1  2  3  4  5  6  7  8  9 10 |
---------------+-------------------------------+-----
Conjurations   | 2 3 4 5 6 8 9 |  9.6
Air Magic      | 1 2 3 4 5 7 |  7.8
Ice Magic      | 1 3 5 7 |  7.8
Spellcasting   | 3 4 |  4.0
Dodging        | 4 |  4.1
Stealth        | |  2.6
Alchemy        | |  3.4

Action                     |  1- 3 |  4- 6 |  7- 9 | 10-12 || total
---------------------------+-------+-------+-------+-------++-------
  Melee: Short sword       |    11 |     7 |       |       ||    18
         Constrict         |     4 |     3 |    13 |     1 ||    21
         Tentacles         |     2 |     1 |    18 |       ||    21
         Battleaxe         |       |     3 |    86 |     2 ||    91
  Throw: Dart              |       |     1 |       |       ||     1
   Cast: Sting             |    67 |    64 |   145 |    23 ||   299
         Mephitic Cloud    |       |     4 |     3 |     5 ||    12
         Searing Ray       |       |       |    12 |     7 ||    19
         Freezing Cloud    |       |       |     7 |     7 ||    14
    Use: Potion            |       |     2 |       |     1 ||     3
         Scroll            |       |     1 |    13 |       ||    14
   Stab: Sleeping          |       |     1 |     6 |       ||     7
         Confused          |       |       |     2 |       ||     2
 Armour: Skin              |    18 |     5 |    67 |    19 ||   109
  Dodge: Dodged            |    23 |     9 |    88 |     8 ||   128

Table legend: (Time is in decaauts)
 A = Elapsed time spent in this place.
 B = Non-inter-level travel time spent in this place.
 C = Inter-level travel time spent in this place.
 D = Time resting spent in this place.
 E = Time spent auto-exploring this place.
 F = Levels seen in this place.
 G = Mean time per level.
                   A        B        C        D        E       F      G
               +--------+--------+--------+--------+--------+-----+--------+
         Total |   9747 |   9566 |    181 |   2564 |   4917 |  11 |  886.1 |
       Dungeon |   9226 |   9045 |    181 |   2349 |   4734 |   9 | 1025.1 |
        Temple |     55 |     55 |      0 |      0 |     44 |   1 |   55.0 |
         Sewer |    464 |    464 |      0 |    215 |    139 |   1 |  464.0 |
               +--------+--------+--------+--------+--------+-----+--------+

Top non-repeatable levels by time:
     D:7: 1322 daAuts
     D:3: 1252 daAuts
     D:6: 1213 daAuts
     D:4: 1173 daAuts
     D:5: 988 daAuts
     D:8: 946 daAuts
     D:1: 935 daAuts
     D:2: 730 daAuts
     D:9: 665 daAuts
   Sewer: 464 daAuts
  Temple: 55 daAuts
